 Dungeon Crawl Stone Soup version 0.17.2-1-ge4368a0 (webtiles) character file.

283 mopl the Insei (level 6, -3/48 HPs)
             Began as a Mummy Monk on July 18, 2017.
             Slain by a worker ant (5 damage)
             ... on level 3 of the Dungeon on July 23, 2017.
             The game lasted 00:09:34 (5188 turns).

mopl the Insei (Mummy Monk)                         Turns: 5188, Time: 00:09:34

Health: -3/48      AC:  2    Str: 15    XL:     6   Next: 7%
Magic:  6/6        EV: 13    Int:  9    God:
Gold:   126        SH:  0    Dex: 16    Spells: 0 memorised, 5 levels left

rFire  x . .     SeeInvis .       - Unarmed
rCold  + . .     Clarity  .     (no armour)
rNeg   + + +     SustAt   .     (no shield)
rPois  ∞         Gourm    .     b - +1 hat
rElec  .         Spirit   .     e - +0 cloak (curse)
rCorr  .         Warding  .     (no gloves)
rMut   .         Stasis   .     (no boots)
MR     .....                    (no amulet)
Stlth  ++........               (no ring)
                                (no ring)

@: not resistant to hostile enchantments, unstealthy
A: no food or potions, fire vulnerability, cold resistance 1, negative energy
resistance 3, torment resistance, unbreathing
a: no special abilities


You were on level 3 of the Dungeon.
You were not hungry.

You visited 1 branch of the dungeon, and saw 4 of its levels.

You collected 126 gold pieces.

Inventory:

Armour
 b - a +1 hat (worn)
 e - a cursed +0 cloak (worn)
Scrolls
 c - a scroll of fog
 d - 2 scrolls of magic mapping
 f - 4 scrolls of teleportation
 h - a scroll of blinking {unknown}


   Skills:
 + Level 4.0 Fighting
 + Level 3.3 Dodging
 - Level 1.5 Stealth
 * Level 5.1 Unarmed Combat


You had 5 spell levels left.
You didn't know any spells.

Dungeon Overview and Level Annotations

Branches:
Dungeon (4/15)
 Temple: D:4-7

Altars:
Dithmenos
Elyvilon
Nemelex Xobeh
Zin

Shops:
D:3 *


Innate Abilities, Weirdness & Mutations

You do not eat or drink.
Your flesh is vulnerable to fire.
You are immune to poison.
Your flesh is cold resistant.
You are immune to negative energy.
You are immune to unholy pain and torment.
You can survive without breathing.


Message History

* * * LOW HITPOINT WARNING * * *
You hit the worker ant but do no damage.
The worker ant is heavily wounded.
The worker ant closely misses you.
You barely miss the worker ant.
The worker ant is heavily wounded.
The worker ant misses you.
You barely miss the worker ant.
The worker ant is heavily wounded.
The worker ant bites you.
* * * LOW HITPOINT WARNING * * *
Read which item? (? for menu, Esc to quit)
As you read the scroll of random uselessness, it crumbles to dust.
You experience a momentary feeling of inescapable doom!
The worker ant barely misses you. The worker ant bites you.
* * * LOW HITPOINT WARNING * * *
You barely miss the worker ant. You punch the worker ant.
The worker ant is severely wounded.
The worker ant bites you.
You die...

##..).# #.# #.# ##(#.# #.#
#.# ##..(.## #.# #.#
##...(..###### #.# #.#
.....(.......# #.# #.#
#%......####.# #.# #.#
#.#..(.#####.# #.# #.#
#.##.#.#...#.# #.# #.####
#.###......#.###@####....#
#.###.##[.......a>....##.#
#.#....?.........#######.#
#.#.####.####.#### #<#
#.#.##.....##.# #.###
....#.......#.# ##...##
###.#.......#.# ##.###.##
#....._.....# #.## ##.#
#.#.......#.#### #.# #.#


You could see a worker ant.

Vanquished Creatures
  A scorpion (D:4)
  Ijyb (D:2)
  An orc priest (D:3)
  6 adders
  4 oozes
  5 worms
  A giant gecko (D:3)
  2 orcs (D:3)
  7 giant cockroaches
  13 goblins
  10 hobgoblins
  7 jackals
  2 quokkas (D:3)
  2 ball pythons
  3 bats
  A giant gecko skeleton (D:4)
  2 giant newts (D:3)
  11 kobolds
  15 rats
94 creatures vanquished.

Vanquished Creatures (others)
  A giant cockroach (D:1)
1 creature vanquished.

Grand Total: 95 creatures vanquished

Notes
Turn   | Place    | Note
--------------------------------------------------------------
     0 | D:1      | mopl the Mummy Monk began the quest for the Orb.
     0 | D:1      | Reached XP level 1. HP: 18/18 MP: 1/1
     7 | D:1      | Found a runed door.
   505 | D:1      | Reached XP level 2. HP: 18/24 MP: 2/2
  1097 | D:1      | Reached skill level 4 in Unarmed Combat
  1263 | D:2      | Reached XP level 3. HP: 13/29 MP: 3/3
  2443 | D:1      | Reached XP level 4. HP: 33/35 MP: 4/4
  2923 | D:2      | Noticed Ijyb
  2966 | D:2      | Killed Ijyb
  3147 | D:2      | Reached XP level 5. HP: 37/41 MP: 5/5
  3191 | D:2      | Found a white marble altar of Elyvilon.
  3472 | D:3      | Found a sparkling altar of Nemelex Xobeh.
  3717 | D:3      | Reached skill level 3 in Dodging
  4195 | D:3      | Reached skill level 5 in Unarmed Combat
  4386 | D:3      | Found Zin's Purification Station.
  4389 | D:3      | Found a glowing silver altar of Zin.
  5111 | D:4      | Reached skill level 4 in Fighting
  5111 | D:4      | Reached XP level 6. HP: 40/48 MP: 6/6
  5144 | D:4      | Found a shadowy altar of Dithmenos.
  5187 | D:3      | HP: 2/48 [worker ant (3)]
  5188 | D:3      | Slain by a worker ant

Action                   |  1- 3 |  4- 6 || total
-------------------------+-------+-------++-------
Melee: Unarmed           |   161 |   260 ||   421
  Use: Scroll            |       |     7 ||     7
 Stab: Sleeping          |     5 |     5 ||    10
